 Dungeon Crawl Stone Soup version 0.30.0-30-g96aa6591b8 (webtiles) character file.

Game seed: 2441234372945104562

2555 Sabo the Cleaver (level 9, -14/69 HPs)
             Began as a Demonspawn Monk on June 30, 2023.
             Was a Believer of Qazlal.
             Demolished by a two-headed ogre
             ... wielding a +0 giant spiked club
              (16 damage)
             ... on level 7 of the Dungeon.
             The game lasted 00:30:11 (7322 turns).

Sabo the Cleaver (Demonspawn Monk)                  Turns: 7322, Time: 00:30:12

Health: -14/69     AC:  9    Str: 15    XL:     9   Next: 31%
Magic:  9/9        EV: 18    Int: 11    God:    Qazlal [**....]
Gold:   613        SH:  3    Dex: 19    Spells: 8/8 levels left

rFire   + . .        o - +0 war axe
rCold   . . .        d - orb {light}
rNeg    . . .        m - +0 ring mail of Cocytus {Regen+ Dex+2}
rPois   .            (helmet restricted)
rElec   .            (no cloak)
rCorr   .            (no gloves)
SInv    .            v - +2 pair of boots
Will    .....        y - amulet of regeneration
Stlth   +            f - ring of protection from fire
HPRegen 1.91/turn    (no ring)
MPRegen 0.11/turn

%: no passive effects
@: agile, glowing
A: claws 1, horns 1, ignite blood 1, powered by pain 2
a: Renounce Religion, Upheaval


You were on level 7 of the Dungeon.
You worshipped Qazlal.
Qazlal was pleased with you.
You visited 2 branches of the dungeon, and saw 8 of its levels.
You also visited: Ossuary.

You collected 613 gold pieces.

Inventory:

Hand Weapons
 o - a +0 war axe (weapon)
 z - a +0 shortbow
Missiles
 h - 11 poisoned darts (quivered)
 l - 2 boomerangs
Armour
 d - an orb of light (worn)
 m - the +0 ring mail of Cocytus (worn) {Regen+ Dex+2}
   (You found it on level 5 of the Dungeon)

   Dex:       It affects your dexterity (+2).
   Regen:     It increases your rate of health regeneration.
 v - a +2 pair of boots (worn)
 B - a +4 scale mail
Jewellery
 f - a ring of protection from fire (left claw)
 y - an amulet of regeneration (around neck)
Wands
 b - a wand of iceblast (8)
 n - a wand of charming (12)
Scrolls
 a - a scroll of magic mapping {unknown}
 e - a scroll of teleportation
 g - a scroll of fear
 q - a scroll of enchant weapon {unknown}
 r - a scroll of fog {unknown}
 x - a scroll of torment {unknown}
 A - a scroll of enchant armour {unknown}
Potions
 c - a potion of ambrosia
 i - 6 potions of lignification
 j - 2 potions of curing {unknown}
 k - a potion of magic {unknown}
 p - a potion of brilliance {unknown}
 s - 2 potions of haste {unknown}
 t - 2 potions of attraction {unknown}
 u - a potion of resistance {unknown}
 w - 2 potions of mutation {unknown}
 C - a potion of degeneration {unknown}


   Skills:
 + Level 5.8 Fighting
 + Level 8.6 Axes
 + Level 5.3 Armour
 + Level 4.5 Dodging
 + Level 1.2 Stealth
 + Level 0.4 Shields


You had 8 spell levels left.
You didn't know any spells.
Your spell library contained the following spells:

 Spells                   Type           Power      Damage    Failure   Level
 Apportation              Tloc           0%         N/A       54%         1
 Freeze                   Ice            0%         1d3       54%         1
 Magic Dart               Conj           0%         1d3       54%         1
 Necrotise                Necr           0%         1d4       54%         1
 Summon Small Mammal      Summ           0%         N/A       54%         1
 Call Imp                 Summ           0%         N/A       69%         2
 Cigotuvi's Dreadful Rot  Necr/Pois/Air  0%         N/A       69%         2
 Scorch                   Fire           0%         2d5       69%         2
 Call Canine Familiar     Summ           0%         N/A       89%         3
 Frozen Ramparts          Ice            0%         1d1       89%         3
 Hailstorm                Conj/Ice       0%         3d3       89%         3
 Mephitic Cloud           Conj/Pois/Air  0%         N/A       89%         3
 Ozocubu's Armour         Ice            0%         N/A       89%         3
 Summon Guardian Golem    Hex/Summ       0%         N/A       89%         3
 Flame Wave               Conj/Fire      0%         2d4       100%        4
 Alistair's Intoxication  Tmut/Pois      0%         N/A       100%        5
 Arcjolt                  Conj/Air       0%         1d10      100%        5
 Metabolic Englaciation   Hex/Ice        0%         N/A       100%        5
 Eringya's Noxious Bog    Tmut/Pois      0%         N/A       100%        6
 Simulacrum               Ice/Necr       0%         N/A       100%        6
 Summon Cactus Giant      Summ           0%         N/A       100%        6


Dungeon Overview and Level Annotations

Branches:
Dungeon (7/15)             Temple (1/1) D:6         Ossuary (visited)

Altars:
Ashenzari
Cheibriados
Gozag
Hepliaklqana
Kikubaaqudgha
Nemelex Xobeh
Okawaru
Qazlal
Ru
Sif Muna
Trog
Uskayaw
Vehumet
Xom
Yredelemnul

Shops:
D:2 :   D:6 *

Annotations:
D:3 1 runed translucent door, BoiledPickle's ghost, weakling MiBe


Innate Abilities, Weirdness & Mutations

You have sharp fingernails.
You have a pair of small horns on your head.
Your demonic aura sometimes causes spilled blood to erupt in flames.
You sometimes gain power by taking damage.


Message History

The ice beast hits you but does no damage.
You hit the ice beast.
The ice beast is severely wounded.
The ice beast hits you but does no damage.
You slash the ice beast!
You kill the ice beast!
Qazlal accepts your kill.
There is an open door here.
You open the door.
An orc comes into view. It is wielding a +0 hand axe.
Found a thick glowing staff.
There is an open door here.
The orc hits you but does no damage.
You completely miss the orc. You headbutt the orc.
The orc is almost dead.
You block the orc's attack.
You hit the orc.
You kill the orc!
Qazlal accepts your kill.
Things that are here:
a +0 hand axe; an orc corpse You see here a staff of earth.
Things that are here:
a +0 hand axe; an orc corpse
There is an open door here.
You open the door.
A two-headed ogre comes into view.
It is wielding a +0 giant spiked club and a +0 giant club.
Found a scroll labelled KIGHIRAIRCH.
There is an open door here.
The two-headed ogre hits you with a +0 giant spiked club!!
The two-headed ogre hits you with a +0 giant club!!
You hit the two-headed ogre but do no damage.
You headbutt the two-headed ogre.
The two-headed ogre is lightly wounded.
The two-headed ogre hits you with a +0 giant spiked club!!
* * * LOW HITPOINT WARNING * * *
You focus on the pain.
You feel agile all of a sudden.
The two-headed ogre hits you with a +0 giant club!
You die...

.........#..)....'...'.)..|..#
.........#.......#...#.......#
..##.###.##.....##...##.....##
..#...# ..##...###...###...##
...##......##### #...# #####
#..# #..#.##...# #...# #..#
#####.....##...# #
#.....○○#...# #..?..O@'...+ #
#.......#...# . ##.....##...#
# ##...# #...# # #### #...# #
. #...# . .# #...# . ..# #...#
#### ...# +...+


You could see a two-headed ogre.

Vanquished Creatures
  A water moccasin (D:6)
  2 sky beasts (D:7)
  3 black bears
  5 ice beasts
  An ogre (D:5)
  3 phantoms
  4 centaurs
  2 bullfrogs (D:6)
  2 scorpions
  4 hounds
  A gnoll bouda (D:7)
  4 iguanas
  A sleepcap (D:6)
  An orc wizard (D:3)
  A scorpion zombie (D:3)
  A hound zombie (D:3)
  2 mummies (Ossuary)
  10 adders
  11 gnolls
  A shadow imp (D:7)
  2 ufetubi
  An adder zombie (D:3)
  2 worms (D:2)
  12 orcs
  6 ball pythons
  6 bats
  3 endoplasms
  3 giant cockroaches (D:1)
  3 gnoll zombies (Ossuary)
  6 hobgoblins
  9 jackals
  3 quokkas
  6 frilled lizards
  5 goblins
  A goblin zombie (Ossuary)
  7 hobgoblin zombies (Ossuary)
  7 kobolds
  3 orc zombies (Ossuary)
  4 rats
149 creatures vanquished.

Notes
Turn   | Place    | Note
-------+----------+-------------------------------------------
     0 | D:1      | Sabo the Demonspawn Monk began the quest for the Orb.
     0 | D:1      | Reached XP level 1. HP: 18/18 MP: 1/1
   169 | D:1      | Discovered your monstrous ancestry.
   169 | D:1      | Gained mutation: You have a pair of small horns on your
                  | head. [demonic ancestry]
   169 | D:1      | Reached XP level 2. HP: 23/24 MP: 2/2
   249 | D:1      | Reached skill level 3 in Axes
  1135 | D:2      | Gained mutation: You sometimes gain a little power by
                  | taking damage. [demonic ancestry]
  1135 | D:2      | Reached XP level 3. HP: 20/29 MP: 3/3
  1303 | D:2      | Reached XP level 4. HP: 33/37 MP: 4/4
  1413 | D:2      | Got the Disquisition on Fog and Poison
  1696 | D:2      | Found Ymiavvot's Book Shoppe.
  1875 | D:2      | Reached skill level 1 in Armour
  2519 | D:3      | Found a runed translucent door.
  2519 | D:3      | Noticed an ice beast
  2519 | D:3      | Noticed BoiledPickle's ghost (weakling MiBe)
  2611 | D:3      | Gained mutation: You have sharp fingernails. [demonic
                  | ancestry]
  2611 | D:3      | Reached XP level 5. HP: 38/42 MP: 5/5
  2713 | D:3      | Reached skill level 4 in Axes
  2721 | D:3      | Found a basalt altar of Yredelemnul.
  3169 | D:4      | Found a bloodstained altar of Trog.
  3169 | D:4      | Noticed a black bear
  3170 | D:4      | Noticed a black bear
  3182 | D:4      | Killed a black bear
  3183 | D:4      | Reached XP level 6. HP: 13/48 MP: 6/6
  3187 | D:4      | Reached skill level 5 in Axes
  3396 | D:4      | Found an ancient bone altar of Kikubaaqudgha.
  4053 | D:5      | Entered Level 5 of the Dungeon
  4064 | D:5      | Reached XP level 7. HP: 20/55 MP: 7/7
  4679 | D:5      | Reached skill level 6 in Axes
  5146 | D:5      | Gained mutation: Your demonic aura sometimes causes spilled
                  | blood to erupt in flames. [demonic ancestry]
  5146 | D:5      | Reached XP level 8. HP: 61/61 MP: 8/8
  5432 | D:5      | Identified the +0 ring mail of Cocytus {Regen+ Dex+2}
  5577 | D:6      | Reached skill level 5 in Fighting
  5616 | D:6      | Reached skill level 7 in Axes
  5616 | D:6      | Reached skill level 1 in Stealth
  5804 | D:6      | Found Yxes's Serpentskin Sales.
  6072 | D:6      | Found a staircase to the Ecumenical Temple.
  6081 | Temple   | Entered the Ecumenical Temple
  6182 | Temple   | Became a worshipper of Qazlal Stormbringer
  6182 | Temple   | Reached * piety under Qazlal
  6182 | Temple   | Reached ** piety under Qazlal
  6479 | D:6      | Reached skill level 8 in Axes
  6530 | D:6      | Reached skill level 5 in Armour
  6530 | D:6      | Gained mutation: You sometimes gain power by taking damage.
                  | [demonic ancestry]
  6530 | D:6      | Reached XP level 9. HP: 68/68 MP: 9/9
  6915 | D:7      | Found a sand-covered staircase.
  6962 | Ossuary  | Entered an ossuary
  7319 | D:7      | Noticed a two-headed ogre
  7322 | D:7      | HP: 2/69 [two-headed ogre/+0 giant spiked club (28)]
  7322 | D:7      | Demolished by a two-headed ogre

Illustrated notes

Levels and vault maps discovered:
D:1:      eino_arrival_cavern_b, layout_basic, minmay_tall_x
D:2:      layout_rooms, serial_shops, shop, minmay_door_square
D:3:      layout_basic, nicolae_yredelemnul_corpse_copse,
          ebering_ghost_inner_flame, dk_noncrumbling_4
D:4:      layout_loops_cross, trog_ov_bears_minmay,
          nicolae_kikubaaqudgha_miasma_corner
D:5:      layout_basic
D:6:      layout_loops_corners, minmay_temple_entry_stoned_glass,
          guppyfry_shop_venom
D:7:      kennysheep_six_static_rooms, layout_cave_pools,
          mainiacjoe_overflow_alcove_2, nicolae_ossuary_entry_ruins
Temple:   nicolae_temple_god_jail

Skill      XL: |  1  2  3  4  5  6  7  8 |
---------------+-------------------------+-----
Axes           | 3 4 5 6 8 |  8.6
Dodging        | 3 4 |  4.5
Armour         | 1 2 3 5 |  5.3
Fighting       | 4 5 |  5.8
Stealth        | 1 |  1.2
Shields        | |  0.4

Action                     |  1- 3 |  4- 6 |  7- 9 || total
---------------------------+-------+-------+-------++-------
  Melee: Hand axe          |    73 |    37 |       ||   110
         Headbutt          |     4 |    38 |    56 ||    98
         War axe           |       |    97 |   212 ||   309
    Use: Scroll            |       |     4 |     1 ||     5
 Armour: Scale mail        |    25 |    52 |       ||    77
         Robe              |     1 |       |       ||     1
         Chain mail        |       |       |    35 ||    35
         Ring mail         |       |       |    71 ||    71
  Dodge: Dodged            |    38 |    86 |   135 ||   259
  Block: Orb               |       |       |    14 ||    14
